 Dungeon Crawl Stone Soup version 0.18-a0-1116-g1750dec (console) character file.

112 FIQ the Chiller (level 4, -9/21 HPs)
             Began as a Vine Stalker Ice Elementalist on Jan 17, 2016.
             Was an Initiate of Vehumet.
             Mangled by a gnoll
             ... wielding a +0 halberd
              (13 damage)
             ... on level 3 of the Dungeon.
             The game lasted 00:07:15 (2364 turns).

FIQ the Chiller (Vine Stalker Ice Elementalist)     Turns: 2364, Time: 00:07:15

Health: -9/21      AC:  2    Str: 11    XL:     4   Next: 93%
Magic:  0/8        EV: 12    Int: 16    God:    Vehumet [......]
Gold:   108        SH:  0    Dex: 14    Spells: 2 memorised, 2 levels left

rFire  . . .     SeeInvis +     g - +0 dagger
rCold  . . .     Gourm    .     a - +0 robe
rNeg   . . .     Faith    .     (no shield)
rPois  .         Spirit   +     (no helmet)
rElec  .         Dismiss  .     (no cloak)
rCorr  .         Reflect  .     (no gloves)
SustAt .         Harm     .     (no boots)
MR     .....                    (no amulet)
Stlth  ++........               (no ring)
                                i - ring of see invisible

@: not resistant to hostile enchantments, unstealthy
A: fangs 2, regeneration 1, magic shield, antimagic bite, no device heal 3, rot
immunity
a: Renounce Religion


You were on level 3 of the Dungeon.
You worshipped Vehumet.
Vehumet was noncommittal.
You were hungry.

You visited 1 branch of the dungeon, and saw 3 of its levels.

You collected 108 gold pieces.

Inventory:

Hand Weapons
 g - a +0 dagger (weapon)
Armour
 a - a +0 robe (worn)
Jewellery
 i - a ring of see invisible (left hand)
Scrolls
 e - a scroll of enchant armour {unknown}
 h - a scroll of fog
 j - a scroll of recharging {unknown}
 n - a scroll of teleportation {unknown}
Potions
 d - a potion of resistance
 o - a potion of might {unknown}
Books
 b - a book of Frost

   Spells                             Type                      Level
   a - Freeze                         Ice                          1
   b - Throw Frost                    Conjuration/Ice              2
   c - Ozocubu's Armour               Charms/Ice                   3
   d - Throw Icicle                   Conjuration/Ice              4
   e - Summon Ice Beast               Ice/Summoning                4
   f - Condensation Shield            Ice                          4
Comestibles
 c - a bread ration
 f - a meat ration
 l - a royal jelly


   Skills:
 - Level 1.5 Dodging
 - Level 2.4 Stealth
 - Level 2.1 Spellcasting
   Level 1.0 Conjurations
 + Level 5.4 Ice Magic


You had 2 spell levels left.
You knew the following spells:

 Your Spells              Type           Power        Failure   Level  Hunger
a - Freeze                Ice            ###.         1%          1    #......
b - Condensation Shield   Ice            ###.......   21%         4    #####..


Dungeon Overview and Level Annotations

Branches:
Dungeon (3/15)

Altars:
Vehumet


Innate Abilities, Weirdness & Mutations

You have extremely sharp teeth.
Your natural rate of healing is unusually fast.
When hurt, damage is shared between your health and your magic reserves.
Your bite disrupts and absorbs the magic of your enemies.
Potions and wands cannot restore your health.
You are immune to rotting.


Message History

Press: ? - help, Shift-Dir - straight line, f/p - gnoll
Aim: a gnoll, wielding a club (moderately wounded)
You freeze the gnoll.
The gnoll is almost dead.
The gnoll hits you with a club.
* * * LOW HITPOINT WARNING * * *
The gnoll closely misses you.
Drink which item? (? for menu, Esc to quit)
Okay, then.
Casting: Freeze
Confirm with . or Enter, or press ? or * to list all spells.
Aiming: Freeze
Press: ? - help, Shift-Dir - straight line, f/p - gnoll
Aim: a gnoll, wielding a club (almost dead)
You freeze the gnoll.
You kill the gnoll!
Vehumet accepts your kill.
The gnoll hits you from afar with a halberd!
Ouch! That really hurt!
You die...

#.#################
#...@)g...........#
#.###############.#
#.# #g# ####### #.#
#......# #.#
#......# #.###
#......####....
#.............#
#....)[.......#
#.............#


You could see a gnoll.

Vanquished Creatures
  3 gnolls (D:3)
  2 adders (D:2)
  An ooze (D:1)
  A worm (D:2)
  3 giant geckos (D:1)
  5 bats
  3 giant cockroaches (D:2)
  9 goblins
  11 hobgoblins
  4 kobolds
  A quokka (D:2)
  A ball python (D:1)
  A giant newt (D:1)
  4 rats
49 creatures vanquished.

Vanquished Creatures (others)
  2 goblins (D:2)
  A hobgoblin (D:2)
3 creatures vanquished.

Grand Total: 52 creatures vanquished

Notes
Turn   | Place    | Note
--------------------------------------------------------------
     0 | D:1      | FIQ the Vine Stalker Ice Elementalist began the quest for the Orb.
     0 | D:1      | Reached XP level 1. HP: 9/9 MP: 4/4
   253 | D:1      | Reached XP level 2. HP: 13/13 MP: 3/6
   518 | D:1      | Reached skill level 4 in Ice Magic
   614 | D:1      | Reached XP level 3. HP: 16/16 MP: 2/7
  1359 | D:2      | Reached XP level 4. HP: 17/21 MP: 3/8
  1385 | D:2      | Learned a level 4 spell: Condensation Shield
  1810 | D:2      | Reached skill level 5 in Ice Magic
  2035 | D:2      | Found a radiant altar of Vehumet.
  2213 | D:2      | Became a worshipper of Vehumet
  2364 | D:3      | Mangled by a gnoll

Vault maps used:
D:1:      dpeg_arrival_circle_labyrinth_c, st_stairs_11
D:2:      fiery_altar_vehumet, serial_bayou_pond_a,
          kennysheep_decorative_pillar, minmay_misc_feat_more_columns
D:3:      led_sif_pool, hangedman_decor_peaks_small, uniq_crazy_yiuf_cottage

Action                   |  1- 3 |  4- 6 || total
-------------------------+-------+-------++-------
Melee: Unarmed           |    85 |    19 ||   104
       Dagger            |       |    35 ||    35
 Cast: Freeze            |    36 |    24 ||    60
  Use: Scroll            |     3 |       ||     3
 Stab: Sleeping          |       |     1 ||     1
  Eat: Chunk             |     1 |     4 ||     5
